 Dungeon Crawl Stone Soup version 0.30-a0-55-g90e3122c3a (webtiles) character file.

Game seed: 7290496207365948055

1947 Newt the Slasher (level 8, -5/60 HPs)
             Began as a Demonspawn Gladiator on Sept 9, 2022.
             Slain by a vampire
             ... wielding a +2 vampiric halberd
              (7 damage)
             ... in a bailey.
             The game lasted 00:08:51 (7176 turns).

Newt the Slasher (Demonspawn Gladiator)             Turns: 7176, Time: 00:08:52

Health: -5/60      AC:  9    Str: 16    XL:     8   Next: 98%
Magic:  11/14      EV: 14    Int: 11    God:
Gold:   235        SH:  5    Dex: 17    Spells: 12/15 levels left

rFire   . . .      SeeInvis .    F - +9 falchion of Victory {freeze, rC+ Dex+3}
rCold   + . .      Faith    .    (no shield)
rNeg    + . .      Spirit   .    h - +2 robe {rN+}
rPois   .          Reflect  +    c - +0 helmet
rElec   .          Harm     +    v - scarf {harm}
rCorr   .          Rampage  .    E - +0 pair of gloves
Will    .....                    k - +0 pair of boots
Stlth   ++........               u - amulet of reflection
HPRegen 0.20/turn                m - ring of flight
MPRegen 0.14/turn                (no ring)

@: flying, hasted, very quick
A: thin metallic scales 1, demonic guardian 2, ignite blood 1
a: no special abilities


You were in a bailey.
You visited 1 branch of the dungeon, and saw 6 of its levels.
You also visited: Sewer and Bailey.

You collected 235 gold pieces.

Inventory:

Hand Weapons
 a - a +0 rapier
 f - a +1 dagger of venom
 B - a +2 dagger of electrocution
 C - a +2 dagger of venom
 F - the +9 falchion of Victory (weapon) {freeze, rC+ Dex+3}
   (You found it on level 6 of the Dungeon)

   It freezes those it strikes, dealing additional cold damage.
   It can also slow down cold-blooded creatures.
   Dex:       It affects your dexterity (+3).
   rC:        It protects you from cold.
Missiles
 d - 4 throwing nets
 e - 7 javelins
 l - 11 poisoned darts
Armour
 b - a +0 leather armour
 c - a +0 helmet (worn)
 h - a +2 robe of positive energy (worn)
 i - +0 steam dragon scales
 k - a +0 pair of boots (worn)
 v - a scarf of harm (worn)
 w - a scarf of shadows
 E - a +0 pair of gloves (worn)
Jewellery
 m - a ring of flight (left hand)
 u - an amulet of reflection (around neck)
Wands
 x - a wand of roots (12)
Scrolls
 j - a scroll of enchant weapon
 n - 3 scrolls of fog
 o - 2 scrolls of teleportation
Potions
 p - a potion of resistance {unknown}
 q - 4 potions of brilliance
 r - a potion of experience {unknown}
 s - a potion of degeneration {unknown}
 z - 2 potions of cancellation
 A - a potion of might {unknown}
 D - a potion of magic {unknown}


   Skills:
 - Level 4.0 Fighting
 - Level 2.6(4.5) Short Blades
 - Level 5.6(6.0) Long Blades
 - Level 1.7 Throwing
 + Level 4.1 Dodging
 - Level 2.0 Stealth
 - Level 4.0 Spellcasting
 - Level 5.0 Summonings
 - Level 4.0 Evocations


You had 12 spell levels left.
You knew the following spells:

 Your Spells              Type           Power      Damage    Failure   Level
a - Call Canine Familiar  Summ           13%        N/A       9%          3

Your spell library contained the following spells:

 Spells                   Type           Power      Damage    Failure   Level
 Poisonous Vapours        Pois/Air       4%         N/A       34%         2
 Portal Projectile        Hex/Tloc       4%         N/A       56%         3
 Corpse Rot               Necr/Pois/Air  2%         N/A       93%         4
 Leda's Liquefaction      Hex/Erth       1%         N/A       93%         4


Dungeon Overview and Level Annotations

Branches:
Dungeon (7/15)              Sewer (visited)          Bailey (1/1)
 Temple: D:4-7

Altars:
Fedhas
Nemelex Xobeh
Okawaru
Sif Muna
Uskayaw
Wu Jian
Xom

Shops:
D:3 (


Innate Abilities, Weirdness & Mutations

You are partially covered in thin metallic scales. (AC +2)
A demonic guardian rushes to your aid.
Your demonic aura sometimes causes spilled blood to erupt in flames.


Message History

Your hound bites something but does no damage.
Something hits you.
Your hound bites something but does no damage.
Your hound bites something but does no damage.
Something hits your hellwing but does no damage.
Something completely misses your hellwing.
A vampire appears from thin air!
Reactivating autopickup.
Your hound bites the vampire but does no damage.
The vampire hits you from afar with a +2 vampiric halberd!
* * * LOW HITPOINT WARNING * * *
A demonic guardian appears!
Your hellwing swoops through the air toward the vampire!
Your hellwing closely misses the vampire.
Your hellwing hits the vampire but does no damage.
Your hound bites the vampire but does no damage.
Unknown command.
Non-targeted confused throw: 5 throwing nets
Press: ? - help, Dir - look around, f - activate You throw a throwing net.
Your hound closely misses the vampire.
The vampire gestures wildly while chanting.
The vampire flickers and vanishes!
Deactivating autopickup; reactivate with Ctrl-A.
Unknown command.
You feel less confused.
Your hellwing disappears in a puff of smoke!
Your hound bites something.
You swap places.
Your hound bites something but does no damage.
Unknown command.
You feel better.
Your hound bites something but does no damage.
Something hits you!!
* * * LOW HITPOINT WARNING * * *
Unknown command.
You feel yourself speed up.
Your hound bites something but does no damage.
Something hits you.
You die...

..#......#..).#......#.)#.≈≈♣
..#....).######......#))#.≈≈♣
..#...##.............#).#.≈≈##
..#....##......♣..♣..#..#.≈≈.##
..##....#.....♣♣..♣♣.#..#.≈≈..###
...##)).##...........'..#.≈≈..#..
8...)..##....h...♣...####.≈≈.....
##....##....)♣.4....#########...∩
.##...#.........@......).........
{.##..#...♣.♣....................
...#..#......♣......#########...∩
#..'..#..................# ≈.....
#..'..#.......##'#(..)...#≈≈..#..
...#..#8..#####.)#.......#≈≈..###
..##.8#####..)'..#########≈≈.#
.###### #.÷)#### # #..÷#


You could see a friendly hellwing (summoned) and a friendly hound (summoned).

Vanquished Creatures
  A gargoyle (Bailey)
  A vampire (D:6)
  A steam dragon (D:6)
  A black bear (D:6)
  A centaur (D:6)
  A bullfrog (D:7)
  A necrophage (D:6)
  A scorpion (D:4)
  6 vampire bats (Bailey)
  7 wolf zombies (Bailey)
  2 orc priests
  2 jellies
  A hound (D:6)
  An iguana (D:6)
  9 adders
  13 orc zombies (Bailey)
  6 river rats
  A white imp (D:6)
  A worm (D:3)
  3 dart slugs
  10 orcs
  4 bats (D:2)
  11 endoplasms
  10 goblins
  8 hobgoblins
  6 quokkas
  17 ball pythons
  3 frilled lizards
  19 kobolds
  22 rats
170 creatures vanquished.

Vanquished Creatures (collateral kills)
  A river rat (D:4)
  An orc (D:6)
  A ball python (D:4)
  A giant cockroach (D:4)
  4 kobolds (Sewer)
  4 orc zombies (Bailey)
  2 rats (Sewer)
14 creatures vanquished.

Grand Total: 184 creatures vanquished

Notes
Turn   | Place    | Note
-------+----------+-------------------------------------------
     0 | D:1      | Newt the Demonspawn Gladiator began the quest for the Orb.
     0 | D:1      | Reached XP level 1. HP: 16/16 MP: 1/1
    46 | D:1      | Reached skill level 1 in Stealth
   183 | D:1      | Gained mutation: Your demonic aura sometimes causes spilled
                  | blood to erupt in flames. [demonic ancestry]
   183 | D:1      | Reached XP level 2. HP: 22/22 MP: 2/2
   258 | D:1      | Found a faded altar of an unknown god.
  1016 | D:2      | Reached skill level 1 in Summonings
  1168 | D:2      | Gained mutation: A weak demonic guardian rushes to your
                  | aid. [demonic ancestry]
  1168 | D:2      | Reached XP level 3. HP: 27/27 MP: 3/3
  1615 | D:2      | Reached XP level 4. HP: 33/33 MP: 4/4
  1778 | D:3      | Found a blossoming altar of Fedhas.
  1944 | D:3      | Learned a level 3 spell: Call Canine Familiar
  1995 | D:3      | Found a hide-covered altar of Uskayaw.
  2030 | D:3      | Found Booll's Antique Weapon Shoppe.
  2043 | D:3      | Found a shimmering blue altar of Sif Muna.
  2051 | D:3      | Reached XP level 5. HP: 35/38 MP: 5/5
  2756 | D:4      | Reached skill level 5 in Summonings
  2853 | D:4      | Reached skill level 1 in Spellcasting
  2863 | D:4      | Found a glowing drain.
  2868 | Sewer    | Entered a sewer
  3095 | Sewer    | Reached XP level 6. HP: 32/44 MP: 8/8
  4224 | D:4      | Found a sparkling altar of Nemelex Xobeh.
  4225 | D:4      | You are sucked into a shaft and drop 2 floors!
  4258 | D:6      | Noticed a vampire
  4264 | D:6      | Killed a vampire
  4265 | D:6      | Gained mutation: You are partially covered in thin metallic
                  | scales. (AC +2) [demonic ancestry]
  4265 | D:6      | Reached XP level 7. HP: 40/53 MP: 7/11
  4606 | D:6      | Found an iron altar of Okawaru.
  4614 | D:6      | Identified the +9 falchion of Victory {freeze, rC+ Dex+3}
  4801 | D:6      | Found an ornate altar of the Wu Jian Council.
  5222 | D:6      | Noticed a steam dragon
  5231 | D:6      | Killed a steam dragon
  5232 | D:6      | Reached skill level 1 in Long Blades
  5667 | D:6      | Found a shimmering altar of Xom.
  5799 | D:6      | Gained mutation: A demonic guardian rushes to your aid.
                  | [demonic ancestry]
  5799 | D:6      | Reached XP level 8. HP: 56/60 MP: 14/14
  5928 | D:7      | Found a flagged portal.
  6013 | Bailey   | Entered a bailey
  6586 | Bailey   | Reached skill level 5 in Long Blades
  6756 | Bailey   | Reached skill level 1 in Evocations
  6992 | Bailey   | Noticed a gargoyle
  7003 | Bailey   | Killed a gargoyle
  7175 | Bailey   | HP: 2/60 [something (24)]
  7176 | Bailey   | Slain by a vampire

Illustrated notes

Levels and vault maps discovered:
D:1:      eino_arrival_cavern_d, layout_basic, basic_ecumenical_altar
D:2:      layout_basic, st_stairs_13, minmay_vboxes
D:3:      layout_basic, lemuel_crystal_altar, mainiacjoe_overflow_brackets,
          nicolae_overflow_two_pavilions, serial_shops,
          nicolae_shop_hallway_plus
D:4:      layout_loops_corners, mainiacjoe_overflow_small_starburst,
          portal_sewer_entry_e, nicolae_eternal_life,
          chequers_serial_rivers_small_b, hangedman_abyss_or_decor_passed
D:6:      layout_loops_ring, mainiacjoe_overflow_alcove_1,
          okawaru_ov_weapons_minmay, mainiacjoe_overflow_alcove_4
D:7:      layout_basic, grunt_dithmenos_shadows,
          minmay_temple_entry_statues_pillars, enter_bailey_3
Bailey:   bailey_polearm_vampire_castle_hellmonk, bailey

Skill      XL: |  1  2  3  4  5  6  7  8 |
---------------+-------------------------+-----
Stealth        | 1 2 |  2.0
Summonings     | 1 2 4 5 |  5.0
Spellcasting   | 1 3 4 |  4.0
Fighting       | 3 4 |  4.0
Dodging        | 4 |  4.1
Long Blades    | 2 5 |  5.6
Evocations     | 4 |  4.0
Short Blades   | |  2.6
Throwing       | |  1.7

Action                   |  1- 3 |  4- 6 |  7- 9 || total
-------------------------+-------+-------+-------++-------
Melee: Rapier            |    44 |       |       ||    44
       Dagger            |    71 |   234 |    11 ||   316
       Punch             |       |     4 |     1 ||     5
       Falchion          |       |       |   112 ||   112
Throw: Javelin           |       |       |     2 ||     2
       Throwing net      |       |       |     1 ||     1
 Cast: Call Canine Famil |       |     7 |    12 ||    19
  Use: Scroll            |     3 |     2 |     3 ||     8
       Potion            |     1 |       |     9 ||    10
 Stab: Sleeping          |     4 |     4 |     4 ||    12
       Distracted        |     1 |     1 |     1 ||     3
Armor: Leather armour    |     8 |       |       ||     8
       Robe              |    22 |    73 |    76 ||   171
Dodge: Dodged            |    57 |   134 |   145 ||   336
Block: Other             |     7 |    62 |    46 ||   115
       Reflection        |       |     1 |       ||     1

Table legend: (Time is in decaauts)
 A = Elapsed time spent in this place.
 B = Non-inter-level travel time spent in this place.
 C = Inter-level travel time spent in this place.
 D = Time resting spent in this place.
 E = Time spent auto-exploring this place.
 F = Levels seen in this place.
 G = Mean time per level.
                   A        B        C        D        E       F      G
               +--------+--------+--------+--------+--------+-----+--------+
         Total |   7126 |   6985 |    141 |   1870 |   3921 |   8 |  890.8 |
       Dungeon |   4922 |   4781 |    141 |   1296 |   2740 |   6 |  820.3 |
         Sewer |   1038 |   1038 |      0 |      0 |    803 |   1 | 1038.0 |
        Bailey |   1165 |   1165 |      0 |    574 |    378 |   1 | 1165.0 |
               +--------+--------+--------+--------+--------+-----+--------+

Top non-repeatable levels by time:
     D:6: 1689 daAuts
  Bailey: 1165 daAuts
     D:2: 1079 daAuts
   Sewer: 1038 daAuts
     D:3: 957 daAuts
     D:1: 650 daAuts
     D:4: 442 daAuts
     D:7: 102 daAuts
